 Dungeon Crawl Stone Soup version 0.31-a0-1237-gabc64e778c (webtiles) character file.

Game seed: 3449649496913647593

158 Armakuni the Charlatan (level 5, -1/38 HPs)
             Began as a Human Artificer on Dec 16, 2023.
             Slain by Grinder (3 damage)
             ... on level 3 of the Dungeon.
             The game lasted 00:06:01 (2660 turns).

Armakuni the Charlatan (Human Artificer)            Turns: 2660, Time: 00:06:02

Health: -1/38      AC:  6    Str: 12    XL:     5   Next: 66%
Magic:  5/5        EV: 11    Int: 14    God:
Gold:   209        SH:  0    Dex: 13    Spells: 4/4 levels left

rFire   + . .        a - +2 dagger (protect)
rCold   . . .        (no shield)
rNeg    . . .        b - +0 leather armour
rPois   .            e - +0 helmet
rElec   .            (no cloak)
rCorr   .            f - +0 pair of gloves
SInv    .            g - +0 pair of boots
Will    .....        (no amulet)
Stlth   +            F - ring of protection from fire
HPRegen 0.26/turn    (no ring)
MPRegen 0.09/turn

%: no passive effects
@: mighty
A: deterioration 1
a: no special abilities


You were on level 3 of the Dungeon.
You visited 1 branch of the dungeon, and saw 3 of its levels.

You collected 209 gold pieces.

Inventory:

Hand Weapons
 a - a +2 dagger of protection (weapon)
 n - a +0 whip
Armour
 b - a +0 leather armour (worn)
 e - a +0 helmet (worn)
 f - a +0 pair of gloves (worn)
 g - a +0 pair of boots (worn)
Jewellery
 F - a ring of protection from fire (left hand)
Wands
 c - a wand of charming (15)
 j - a wand of iceblast (3)
 v - a wand of flame (20) (quivered)
Potions
 h - a potion of attraction {unknown}
 i - a potion of mutation
 k - 2 potions of lignification {unknown}
 l - 2 potions of haste {unknown}
 m - a potion of curing {unknown}


   Skills:
 - Level 2.0 Fighting
 - Level 2.0 Maces & Flails
 - Level 2.0 Armour
 - Level 1.0 Dodging
 - Level 1.0 Stealth
 + Level 5.1 Evocations


You had 4 spell levels left.
You didn't know any spells.
Your spell library contained the following spells:

 Spells                   Type           Power      Damage    Failure   Level
 Cigotuvi's Dreadful Rot  Necr/Pois/Air  0%         N/A       50%         2
 Ignite Poison            Fire/Tmut/Pois 0%         N/A       73%         3
 Freezing Cloud           Conj/Ice/Air   0%         6-21      100%        5


Dungeon Overview and Level Annotations

Branches:
Dungeon (3/15)

Altars:
Qazlal

Annotations:
D:3 Grinder


Innate Abilities, Weirdness & Mutations

Your body sometimes deteriorates upon taking damage.


Message History

a +0 dagger; a +0 chain mail
There is a stone staircase leading down here.
You aren't carrying any scrolls.
It was a potion of might.
You feel very mighty all of a sudden.
You climb downwards.
Level annotation: Grinder Grinder gestures at you.
Pain shoots through your body!
There is a stone staircase leading up here.
Okay, then.
Aiming: Throw Flame
Press: ? - help, Q - select action, (/) - cycle Shift-Dir - straight line, f - Grinder
Aim: Grinder (lightly wounded, 71% to hit)
The puff of flame hits Grinder.
Grinder is moderately wounded.
Grinder gestures at you. Pain shoots through your body!
Aiming: Throw Flame
Press: ? - help, Q - select action, (/) - cycle Shift-Dir - straight line, f/p - Grinder
Aim: Grinder (moderately wounded, 71% to hit)
The puff of flame hits Grinder.
Grinder is heavily wounded.
Grinder gestures at you.
You suddenly lose the ability to move!
You can move again.
Unknown command.
Unknown command.
Aiming: Throw Flame
Press: ? - help, Q - select action, (/) - cycle Shift-Dir - straight line, f/p - Grinder
Aim: Grinder (heavily wounded, 71% to hit)
The puff of flame misses Grinder.
Grinder gestures at you. Pain shoots through your body!
* * * LOW HITPOINT WARNING * * *
It was a potion of mutation.
You feel extremely strange.
You feel yourself wasting away. Grinder hits you.
You die...
Grinder sighs, "Dead already?
I want a refund."

... P...####..#
#..#r....# .♣ ..P#
#..# #...###.# ##.. .#
#### ##.#.# ... ~.
##..#.# ...r ♣♣~♣
#.....# ..b5.. ♣~~P
##..##..# ...... ♣~~♣
###...###.# ..b.
♣♣~~♣♣♣ ##.5)..# .#
♣♣~~~P♣♣♣♣#####.@#.###
.#
~~~.~~~~~...##..#..#
♣P~.~♣♣~~♣#....##.##
♣♣~~♣♣♣♣♣♣###..##.#
♣~~♣♣ #.###.# ♣♣~~♣
..# #.# ♣~P♣ ..## #.#
♣.♣♣ #.# .# #.# ..


You could see Grinder.

Vanquished Creatures
  An orc priest (D:3)
  Ijyb (D:2)
  5 adders (D:2)
  3 worms
  A dart slug (D:2)
  3 endoplasms
  3 giant cockroaches
  4 hobgoblins
  4 jackals (D:2)
  2 quokkas
  3 ball pythons (D:2)
  4 bats
  6 frilled lizards
  8 kobolds
  5 rats
53 creatures vanquished.

Notes
Turn   | Place    | Note
-------+----------+-------------------------------------------
     0 | D:1      | Armakuni the Human Artificer began the quest for the Orb.
     0 | D:1      | Reached XP level 1. HP: 15/15 MP: 1/1
   129 | D:1      | Reached skill level 1 in Maces & Flails
   270 | D:1      | Reached XP level 2. HP: 13/21 MP: 2/2
   809 | D:2      | Reached XP level 3. HP: 26/27 MP: 3/3
   818 | D:2      | Found a faded altar of an unknown god.
  1251 | D:2      | Reached XP level 4. HP: 31/33 MP: 4/4
  1833 | D:2      | Reached skill level 4 in Evocations
  2543 | D:3      | Found a stormy altar of Qazlal.
  2544 | D:3      | Noticed Grinder
  2545 | D:3      | Noticed Ijyb
  2567 | D:2      | Reached XP level 5. HP: 20/38 MP: 5/5
  2647 | D:2      | Killed Ijyb
  2648 | D:2      | Reached skill level 5 in Evocations
  2655 | D:3      | Paralysed by Grinder for 4 turns
  2659 | D:3      | HP: 1/38 [Grinder/nerve-wracking pain (13)]
  2660 | D:3      | Gained mutation: Your body sometimes deteriorates upon
                  | taking damage. [potion of mutation]
  2660 | D:3      | Slain by Grinder

Illustrated notes

Levels and vault maps discovered:
D:1:      wander_arrival_estate, layout_loops_cross, st_stairs_2,
          minmay_pentomino_q4
D:2:      layout_basic, hellmonk_ecumenical_altar_heavens_door, serial_aquarium,
          aquarium_bridge_island_large [aquarium_subvault_large_4_pools,
          aquarium_subvault_bridge, aquarium_subvault_bridge,
          aquarium_subvault_balcony, aquarium_subvault_bridge],
          aquarium_bridge_straight [aquarium_subvault_bridge,
          aquarium_subvault_wall, aquarium_subvault_bridge,
          aquarium_subvault_wall], aquarium_window_fake, aquarium_window_1,
          aquarium_view_2f, aquarium_view_2b
D:3:      layout_rooms, overflow_temple_1_default, serial_bayou,
          serial_bayou_crossing, serial_bayou_shore_b, serial_bayou_lagoon_a,
          serial_bayou_pond_a, uniq_grinder, uniq_ijyb

Skill      XL: |  1  2  3  4  5 |
---------------+----------------+-----
Maces & Flails | 1 2 |  2.0
Fighting       | 2 |  2.0
Evocations     | 4 5 |  5.1
Armour         | |  2.0
Dodging        | |  1.0
Stealth        | |  1.0

Action                     |  1- 3 |  4- 6 || total
---------------------------+-------+-------++-------
  Melee: Club              |    19 |       ||    19
         Whip              |    97 |   101 ||   198
         Dagger            |       |    45 ||    45
         Punch             |       |     1 ||     1
  Evoke: Wand              |     5 |     9 ||    14
    Use: Scroll            |     1 |     3 ||     4
         Potion            |       |     2 ||     2
   Stab: Sleeping          |     1 |     2 ||     3
 Armour: Leather armour    |    60 |    91 ||   151
  Dodge: Dodged            |    71 |   101 ||   172

Table legend: (Time is in decaauts)
 A = Elapsed time spent in this place.
 B = Non-inter-level travel time spent in this place.
 C = Inter-level travel time spent in this place.
 D = Time resting spent in this place.
 E = Time spent auto-exploring this place.
 F = Levels seen in this place.
 G = Mean time per level.
                   A        B        C        D        E       F      G
               +--------+--------+--------+--------+--------+-----+--------+
         Total |   2673 |   2593 |     80 |    315 |   1541 |   3 |  891.0 |
       Dungeon |   2673 |   2593 |     80 |    315 |   1541 |   3 |  891.0 |
               +--------+--------+--------+--------+--------+-----+--------+

Top non-repeatable levels by time:
     D:2: 1547 daAuts
     D:1: 772 daAuts
     D:3: 353 daAuts
